 Dungeon Crawl Stone Soup version 0.29.1-1-gd02db6906a (webtiles) character file.

Game seed: 363210963848005635

26 nshep25 the Trooper (level 2, -2/28 HPs)
             Began as a Minotaur Fighter on Oct 13, 2022.
             Slain by a gnoll
             ... wielding a +0 club
              (6 damage)
             ... on level 2 of the Dungeon.
             The game lasted 00:03:06 (1675 turns).

nshep25 the Trooper (Minotaur Fighter)              Turns: 1675, Time: 00:03:07

Health: -2/28      AC:  7    Str: 20    XL:     2   Next: 89%
Magic:  1/1        EV:  9    Int:  5    God:
Gold:   59         SH:  4    Dex:  9    Spells: 1/1 levels left

rFire   . . .      SeeInvis .   a - +0 war axe
rCold   . . .      Faith    .   c - +0 buckler
rNeg    . . .      Spirit   .   b - +0 scale mail
rPois   .          Reflect  .   (helmet restricted)
rElec   .          Harm     .   (no cloak)
rCorr   .          Rampage  .   (no gloves)
Will    .....                   (no boots)
Stlth   ..........              (no amulet)
HPRegen 0.09/turn               (no ring)
MPRegen 0.07/turn               (no ring)

@: no status effects
A: horns 2, retaliatory headbutt
a: no special abilities


You were on level 2 of the Dungeon.
You visited 1 branch of the dungeon, and saw 2 of its levels.

You collected 59 gold pieces.

Inventory:

Hand Weapons
 a - a +0 war axe (weapon)
Armour
 b - a +0 scale mail (worn)
 c - a +0 buckler (worn)
Scrolls
 e - a scroll of identify {unknown}
 h - a scroll of noise {unknown}
Potions
 d - a potion of might
 f - a potion of flight {unknown}
 g - a potion of invisibility {unknown}


   Skills:
 + Level 4.5 Fighting
 + Level 2.5 Axes
 + Level 4.0 Armour
 + Level 3.8 Shields


You had one spell level left.
You didn't know any spells.
Your spell library contained the following spells:

 Spells                   Type           Power      Damage    Failure   Level
 Apportation              Tloc           0%         N/A       89%         1
 Poisonous Vapours        Pois/Air       0%         N/A       96%         2
 Airstrike                Air            0%         2d(0-16)  100%        4
 Summon Lightning Spire   Summ/Air       0%         N/A       100%        4
 Lightning Bolt           Conj/Air       0%         1d11      100%        5
 Manifold Assault         Tloc           0%         N/A       100%        5


Dungeon Overview and Level Annotations

Branches:
Dungeon (2/15)

Altars:


Innate Abilities, Weirdness & Mutations

You have a pair of horns on your head.
You reflexively headbutt those who attack you in melee.


Message History

Really walk into a travel-excluded area?
Really walk into that cloud of flame?
You are engulfed in blazing flames.
Ouch! That really hurt!
* * * LOW HITPOINT WARNING * * *
You start resting.
HP restored.
Press: ? - help, . - travel You can't see that place. [the floor.]
There is a stone staircase leading down here.
You climb downwards.
Found a stone staircase leading down.
There is a stone staircase leading up here.
Found a spear.
Found a leather armour. 2 gnolls come into view.
Found a ring mail.
The gnoll shouts! x2; You hear a shout!
A worm comes into view.
The gnoll moves out of view.
Found a halberd.
A gnoll comes into view. It is wielding a +0 whip.
Found 10 gold pieces.
The gnoll hits you but does no damage.
You closely miss the gnoll. Your headbutt misses the gnoll.
You block the gnoll's attack.
You hit the gnoll but do no damage. x2; The gnoll hits you with a +0 club.
You hit the gnoll.
The gnoll is moderately wounded.
You hit the gnoll. The gnoll hits you with a +0 flail.
You barely miss the gnoll. You hit the gnoll.
The gnoll hits you but does no damage. The gnoll hits you with a +0 club!
The gnoll hits you with a +0 whip. The gnoll hits you with a +0 flail.
* * * LOW HITPOINT WARNING * * *
You slash the gnoll! Your headbutt misses the gnoll.
The gnoll is almost dead.
You hit the gnoll. x2; The gnoll hits you with a +0 flail.
* * * LOW HITPOINT WARNING * * *
The gnoll hits you with a +0 club.
You die...

. ......# ..
#.#....[##.##
#.#.....#.... ..#
#.....[...#.##..## #.
#...............# #.
#.....##.......####.
######gg).##.......##...
$)...wg@...#.........>..
.#...####..#.......##...
#. #..........##...
#.#........##...
#.##.#..#.###...
#.##...##.###...
#.#######....... #.#
######## ###


You could see a worm and 3 gnolls.

Vanquished Creatures
  A gnoll (D:1)
  4 ball pythons (D:1)
  2 goblins (D:1)
  A hobgoblin (D:1)
  2 kobolds (D:1)
  A quokka (D:1)
  3 bats (D:1)
  A frilled lizard (D:1)
15 creatures vanquished.

Notes
Turn   | Place    | Note
-------+----------+-------------------------------------------
     0 | D:1      | nshep25 the Minotaur Fighter began the quest for the Orb.
     0 | D:1      | Reached XP level 1. HP: 19/19 MP: 0/0
   136 | D:1      | Reached XP level 2. HP: 27/27 MP: 1/1
   422 | D:1      | Found a faded altar of an unknown god.
   724 | D:1      | Got the Vademecum on Impurities and Translocation
  1675 | D:2      | Slain by a gnoll

Illustrated notes

Levels and vault maps discovered:
D:1:      spicycebolla_arrival_risky_transporter, layout_basic,
          chequers_ecumenical_altar_island, lemuel_flame_loot_1
D:2:      layout_rooms

Skill      XL: |  1  2 |
---------------+-------+-----
Armour         | 4 |  4.0
Fighting       | 4 |  4.5
Axes           | |  2.5
Shields        | |  3.8

Action                   || total
-------------------------++-------
Melee: War axe           ||    39
       Headbutt          ||     3
Armor: Scale mail        ||    23
Dodge: Dodged            ||    26
Block: Buckler           ||    12
